 Dungeon Crawl Stone Soup version 0.29.0-5-ge4962eb29e (webtiles) character file.

Game seed: 4187180258563730253

74 edwardauron the Digger (level 4, 0/35 HPs)
             Began as a Draconian Earth Elementalist on Aug 29, 2022.
             Was a Believer of Elyvilon.
             Slain by a gnoll
             ... wielding a +0 club
              (6 damage)
             ... on level 3 of the Dungeon.
             The game lasted 00:03:35 (2144 turns).

edwardauron the Digger (DrEE)                       Turns: 2144, Time: 00:03:35

Health: 0/35       AC:  5    Str: 10    XL:     4   Next: 10%
Magic:  6/7        EV: 12    Int: 17    God:    Elyvilon [**....]
Gold:   110        SH:  0    Dex: 12    Spells: 6/7 levels left

rFire   . . .      SeeInvis .   j - +5 hand axe "Pafua" {freeze, Stlth+}
rCold   . . .      Faith    .   (no shield)
rNeg    . . .      Spirit   .   (body armour unavailable)
rPois   .          Reflect  .   (helmet restricted)
rElec   .          Harm     .   (no cloak)
rCorr   .          Rampage  .   (no gloves)
Will    .....                   (no boots)
Stlth   +++.......              (no amulet)
HPRegen 0.11/turn               (no ring)
MPRegen 0.10/turn               (no ring)

@: no status effects
A: AC +5, unfitting armour, cold-blooded
a: Renounce Religion, Purification, Heal Other


You were on level 3 of the Dungeon.
You worshipped Elyvilon.
Elyvilon was pleased with you.
You visited 1 branch of the dungeon, and saw 3 of its levels.

You collected 110 gold pieces.

Inventory:

Hand Weapons
 j - the +5 hand axe "Pafua" (weapon) {freeze, Stlth+}
   (You found it on level 2 of the Dungeon)

   It freezes those it strikes, dealing additional cold damage.
   It can also slow down cold-blooded creatures.
   Stlth:     It makes you more stealthy.
Missiles
 i - 5 poisoned darts
Scrolls
 d - a scroll of torment
 e - a scroll of immolation
 g - 4 scrolls of teleportation
Potions
 a - a potion of magic
 b - 2 potions of curing
 c - a potion of brilliance {unknown}
 f - a potion of heal wounds {unknown}
 h - a potion of might {unknown}
 k - a potion of degeneration {unknown}


   Skills:
 + Level 1.5 Fighting
 + Level 0.0 Axes
 + Level 2.3 Dodging
 - Level 1.7 Stealth
 + Level 2.4 Spellcasting
 - Level 1.0 Transmutations
 * Level 4.0 Earth Magic


You had 6 spell levels left.
You knew the following spells:

 Your Spells              Type           Power      Damage    Failure   Level
a - Sandblast             Erth           30%        2d9       3%          1

Your spell library contained the following spells:

 Spells                   Type           Power      Damage    Failure   Level
 Passwall                 Tmut/Erth      8%         N/A       10%         2
 Stone Arrow              Conj/Erth      16%        3d8       24%         3
 Petrify                  Tmut/Erth      10%        N/A       54%         4


Dungeon Overview and Level Annotations

Branches:
Dungeon (3/15)

Altars:
Elyvilon
Okawaru


Innate Abilities, Weirdness & Mutations

Your plain brown scales are hard. (AC +5)
You cannot fit into any form of body armour.
You are cold-blooded and may be slowed by cold attacks.


Message History

a +0 flail; a +0 ring mail 2 gnolls come into view.
You see here a +0 hand axe.
There are monsters nearby!
A gnoll comes into view. It is wielding a +0 halberd.
The gnoll shouts! x2
A gnoll comes into view. It is wielding a +0 spear.
The gnoll hits you from afar with a +0 halberd!
The gnoll hits you with a +0 halberd.
You closely miss the gnoll.
The gnoll shouts! x2
You slash the gnoll! You freeze the gnoll. The gnoll closely misses you. x2
You closely miss the gnoll. You tail-slap the gnoll.
The gnoll is almost dead.
You hit the gnoll. You freeze the gnoll. The gnoll hits you with a +0 halberd.
The gnoll barely misses you.
You are too injured to fight recklessly!
You are too injured to fight recklessly!
You are too injured to fight recklessly!
You are too injured to fight recklessly!
You are too injured to fight recklessly!
Unknown command.
The gnoll attacks as you move away! The gnoll closely misses you. x2
Casting: Sandblast (safe; 3% risk of failure)
Confirm with . or Enter, or press ? or * to list all spells.
Aiming: Sandblast (safe; 3% risk of failure)
Press: ? - help, Shift-Dir - straight line, f - gnoll
Aim: a gnoll, wielding a +0 club (heavily wounded, 84% to hit)
The blast of sand hits the gnoll.
The gnoll is almost dead.
The gnoll hits you from afar with a +0 halberd!
* * * LOW HITPOINT WARNING * * *
The gnoll misses you. The gnoll hits you but does no damage.
The gnoll hits you from afar with a +0 halberd!
Elyvilon protects you from harm!
You feel better. The gnoll hits you but does no damage.
The gnoll hits you from afar with a +0 spear.
* * * LOW HITPOINT WARNING * * *
The gnoll hits you with a +0 club.
You die...

## ## #. .# ######. ..
....... ###. ....... #.. #
....... #.# .#
......g##.##.# #.#.
#.......gg@....#
##.#.##.......g##..###
#...........### ##)#
#..#..#>...# #.#
#..........## #.#
#...........## #.#######
#.#.....#.<#.#####.......#
##
.....#.........)...#####.#
#.
.........#...#####.#####.###
#)


You could see 4 gnolls.

Vanquished Creatures
  2 adders (D:2)
  2 dart slugs
  2 orcs (D:3)
  5 endoplasms
  2 giant cockroaches (D:1)
  3 goblins
  6 hobgoblins
  4 jackals (D:1)
  A kobold (D:2)
  3 quokkas
  4 ball pythons
  3 bats
  4 frilled lizards
  5 rats
46 creatures vanquished.

Vanquished Creatures (others)
  9 demonic plants (D:2)
  5 fungi (D:2)
  4 plants (D:2)
  2 withered plants (D:2)
20 creatures vanquished.

Grand Total: 66 creatures vanquished

Notes
Turn   | Place    | Note
-------+----------+-------------------------------------------
     0 | D:1      | edwardauron the Draconian Earth Elementalist began the
                  | quest for the Orb.
     0 | D:1      | Reached XP level 1. HP: 14/14 MP: 3/3
   248 | D:1      | Reached XP level 2. HP: 22/22 MP: 3/5
   625 | D:1      | Reached skill level 1 in Fighting
  1043 | D:2      | Reached XP level 3. HP: 28/28 MP: 3/6
  1280 | D:2      | Found an iron altar of Okawaru.
  1301 | D:2      | Found a faded altar of an unknown god.
  1376 | D:2      | Prayed at the altar of an unknown god.
  1376 | D:2      | Became a worshipper of Elyvilon the Healer
  1376 | D:2      | Reached * piety under Elyvilon
  1632 | D:2      | Identified the +5 hand axe "Pafua" {freeze, Stlth+}
  1963 | D:3      | Reached XP level 4. HP: 35/35 MP: 7/7
  2059 | D:3      | Reached ** piety under Elyvilon
  2116 | D:3      | Reached skill level 4 in Earth Magic
  2143 | D:3      | Elyvilon protects you from harm!
  2144 | D:3      | Slain by a gnoll

Illustrated notes

Levels and vault maps discovered:
D:1:      matt_arrival_refuge, layout_loops_ring,
          wander_ebering_terrifying_dragon_lair
D:2:      layout_loops_ring, basic_altar, shapermc_ecumenical_altar_gd
D:3:      layout_loops_cross

Skill      XL: |  1  2  3  4 |
---------------+-------------+-----
Dodging        | 2 |  2.3
Fighting       | 1 |  1.5
Earth Magic    | 4 |  4.0
Stealth        | |  1.7
Spellcasting   | |  2.4
Transmutations | |  1.0

Action                   |  1- 3 |  4- 6 || total
-------------------------+-------+-------++-------
Melee: Unarmed           |     2 |       ||     2
       Tailslap          |     1 |     1 ||     2
       Dagger            |    12 |       ||    12
       Hand axe          |     2 |     7 ||     9
 Cast: Sandblast         |    50 |     1 ||    51
  Use: Scroll            |     6 |     1 ||     7
       Potion            |       |     1 ||     1
 Stab: Sleeping          |     3 |     3 ||     6
Armor: Skin              |    20 |     2 ||    22
Dodge: Dodged            |    43 |     7 ||    50
